[Event "Czech Extraliga 2023-24"]
[Site "Czech Republic"]
[Date "2024.02.11"]
[Round "8.5"]
[White "Haba, Petr"]
[Black "Blahynka, Martin"]
[Result "1/2-1/2"]
[ECO "E02"]
[WhiteElo "2437"]
[BlackElo "2383"]
[Annotator "RC"]
[PlyCount "106"]
[EventDate "2023.10.14"]
[EventCountry "CZE"]
[SourceTitle "playchess.com"]
[Source "ChessBase"]
[SourceQuality "1"]
[TimeControl "40/5400+30:1800+30"]

1. d4 Nf6 2. c4 e6 3. g3 d5 4. Bg2 Be7 5. Nf3 O-O 6. O-O dxc4 7. Qa4 Bd7 8. Qxc4 Bc6 9. Nc3 Nbd7 10. Qd3 Bb4 11. Bf4 Bxc3 12. Qxc3 Nd5 13. Qd2 Qe7 14. Rac1 Nxf4 15. Qxf4 Qd6 16. Qxd6 cxd6 17. Nd2 d5 18. Nb3 a5 19. Nc5 Rfc8 20. Nxd7 Bxd7 21. e4 dxe4 22. Bxe4 Rxc1 23. Rxc1 Rc8 24. Rxc8+ Bxc8 25. d5 f5 26. Bg2 Kf7 27. dxe6+ Kxe6 28. f4 Kd6 29. Kf2 Kc5 30. Ke3 b5 31. Bf1 Kb4 32. Kd4 Be6 33. a3+ Kb3 34. Kc5 b4 35. axb4 axb4 36. Bb5 Bf7 37. Bd7 g6 38. Bb5 Be6 39. Ba6 Bf7 40. Bb5 Be6 41. Ba6 h6 42. h4 Bg8 43. Bc8 Kxb2 44. Kxb4 Kc2 45. h5 Bh7 46. hxg6 Bxg6 47. Kc4 Kd2 48. Kd4 Ke2 49. Ke5 Kf3 50. Bxf5 Bxf5 51. Kxf5 Kxg3 52. Kg6 Kxf4 53. Kxh6 Ke5 1/2-1/2

[Event "Czech Extraliga 2023-24"]
[Site "Czech Republic"]
[Date "2024.02.11"]
[Round "8.5"]
[White "UNI6 Rydl Jiri FM"]
[Black "NOV8 Shirov Alexei GM"]
[Result "1/2-1/2"]
[ECO "A11"]
[WhiteElo "2404"]
[BlackElo "2655"]
[Annotator "TA"]
[PlyCount "67"]
[EventDate "2023.10.14"]
[EventCountry "CZE"]
[SourceTitle "playchess.com"]
[Source "ChessBase"]
[SourceQuality "1"]
[TimeControl "40/5400+30:1800+30"]

1. c4 c6 2. Nf3 d5 3. g3 dxc4 4. Bg2 Nd7 5. Na3 e5 6. Nxc4 e4 7. Nh4 Ndf6 {[%emt 0:07:30] White must now prevent ...g5.} 8. d3 {[%emt 0:10:30] White has an edge.} Bb4+ 9. Bd2 Bxd2+ 10. Qxd2 exd3 $1 11. O-O-O Be6 (11... Ne7 $14) 12. Qb4 $16 {[%emt 0:04:07][%cal Oh4f5] And now Nf5! would win.} Bxc4 13. Nf5 Ba6 $2 (13... Bxa2 $2 14. Nxg7+ (14. Qxb7 Bd5 $17) 14... Kd7 15. Qxb7+ (15. Rxd3+ Bd5 $18) 15... Qc7 16. Bxc6+ (16. Qxa8 Be6 $18) 16... Kd8 17. Rxd3+ (17. Qxa8+ Ke7 $18) 17... Nd5 18. Qxa8+ $18) (13... Ne7 $16 14. Nd6+ Kf8) 14. Nxg7+ $18 Kd7 15. Rxd3+ Bxd3 16. Qxb7+ Qc7 $2 (16... Kd6) 17. Bh3+ Kd6 18. Qxa8 Be4 19. Qf8+ Qe7 20. Qb8+ (20. Rd1+ Kc7 (20... Kc5 $2 21. Qb8 $18) 21. Qc8+ Kb6 $11) 20... Kc5 21. f3 Bg6 22. e4 Nxe4 {[%emt 0:02:18][%cal Bf6e4,Be4d6,Bd6b5][%mdl 32] ...Nf2 is the strong threat.} 23. Rd1 {[%emt 0:06:04][%cal Og7e6] Intending Ne6+! and mate.} (23. fxe4 Qg5+ 24. Kd1 Bxe4 25. Qxa7+ Kb4 26. Qd4+ Ka5 27. Qxe4 Nf6 28. Qxc6 (28. Qf5+ Qxf5 29. Nxf5 Rf8 $18) 28... Rd8+ 29. Kc2 Rd2+ 30. Kb3 (30. Kb1 Qe5 $18) 30... Qe3+ 31. Qc3+ Qxc3+ 32. bxc3 Kb6) 23... Nd6 {[%emt 0:01:26] [#]} 24. Ne6+ $1 fxe6 25. Bf1 $2 (25. b4+ {mates} Kc4 26. Rxd6 Qg5+ 27. f4 Qd5 28. Rxd5 (28. Bxe6 Nf6 $18) 28... cxd5 29. Kd2 (29. Qxa7 Kd3 30. Qf2 d4 31. Bf1+ Ke4 32. Qc2+ Kd5 33. Qc5+ Ke4 34. Qe5+ Kf3 35. Qe2#) 29... h6 30. Bf1+ (30. Qxa7 Kb5 31. Qb7+ Ka4 32. Qa6+ Kxb4 33. Qb6+ Ka4 34. Qb3+ Ka5 35. Bf1 Bd3 36. Bxd3 h5 37. Qb5#) 30... Bd3 31. Bxd3+ Kd4 32. Qxa7#) 25... Nb5 $1 $11 {[%emt 0:01:20] Strongly threatening ...Qc7.} (25... a5 $2 26. Qb3 $18) 26. a4 ({Better is} 26. a3 $11 a5 (26... Qg5+ $2 27. f4 $18) 27. Bxb5 cxb5 28. Rd8 (28. Qe5+ Kc6 $19)) 26... Qc7 ({Don't blunder} 26... Qg5+ $2 27. f4 Qe7 (27... Qf5 $2 28. Bd3 $18) 28. axb5 $18) (26... Nf6 $1 $15 27. Qxh8 Nd4) 27. Qf8+ Kb6 {[%emt 0:00:39][%cal Ob6b7] ...Kb7! would now be deadly.} 28. Rd8 $2 {[%emt 0:02:26] [#]} (28. Rd2 $1 $11 {and White has nothing to worry.}) 28... Qe5 $2 29. Rb8+ $1 {[%emt 0:03:12] The position is equal.} Ka5 30. Qd8+ Kxa4 ({Worse is} 30... Nc7 31. Qd2+) 31. Qd1+ Ka5 32. Qd8+ Ka4 $1 ({Not} 32... Kb4 $2 33. Qd2+ Ka4 34. Bc4 $18) 33. Qd1+ Ka5 34. Qd8+ {[%emt 0:00:37] Blacks defense is rewarded with a draw.   Weighted Error Value: White=0.25 (precise) /Black=0.72.  Loses game:     	White=1     	Black=1      Missed win:     	---       	Black=1      Mistake:       	---       	Black=3      Inaccurate:     	---       	Black=2      OK:         	White=10    	Black=5      Best:        	White=6     	Black=2      Strong:       	White=1     	Black=2} 1/2-1/2

[Event "Czech Extraliga 2023-24"]
[Site "Czech Republic"]
[Date "2024.02.11"]
[Round "8.5"]
[White "Nemec, Jachym"]
[Black "Vykouk, Jan"]
[Result "1/2-1/2"]
[ECO "E73"]
[WhiteElo "2393"]
[BlackElo "2493"]
[Annotator "RC"]
[PlyCount "182"]
[EventDate "2023.10.14"]
[EventCountry "CZE"]
[SourceTitle "playchess.com"]
[Source "ChessBase"]
[SourceQuality "1"]
[TimeControl "40/5400+30:1800+30"]

1. d4 Nf6 2. c4 g6 3. Nc3 Bg7 4. e4 d6 5. Be2 O-O 6. h4 c5 7. d5 e6 8. h5 exd5 9. exd5 Re8 10. h6 Bh8 11. Bg5 Qb6 12. b3 Nbd7 13. Kf1 Ne4 14. Nxe4 Rxe4 15. Nf3 Re8 16. Rc1 Qc7 17. g3 Nf6 18. Nd2 a6 19. a4 Bd7 20. Rh4 Re5 21. Bf4 g5 22. Bxe5 gxh4 23. Bf4 hxg3 24. Bxg3 Bf5 25. Bf3 Re8 26. Kg1 Qe7 27. Qf1 Nd7 28. Qg2 Bg6 29. Rf1 Ne5 30. Be4 Kf8 31. Bxg6 hxg6 32. Re1 Qd8 33. Re3 Kg8 34. Bh2 Kh7 35. Ne4 f6 36. Bxe5 Rxe5 37. f4 Re7 38. Qe2 Rf7 39. Nd2 f5 40. Re6 Bd4+ 41. Kg2 Qh4 42. Qf3 Kxh6 43. Qg3 Qxg3+ 44. Kxg3 Rd7 45. Nf3 Bc3 46. Ng5 Kg7 47. Re8 Bf6 48. Ne6+ Kf7 49. Rf8+ Ke7 50. Rb8 Kf7 51. Kf3 Be7 52. Ke2 Bf6 53. Kd3 Be7 54. Kd2 Bf6 55. Kc2 Be7 56. Kb1 Bf6 57. Ka2 Be7 58. Ka3 Bf6 59. b4 cxb4+ 60. Kxb4 Be7 61. Ka5 Bh4 62. Kb4 Be1+ 63. Kb3 Bh4 64. Rf8+ Ke7 65. Rh8 Bf6 66. Rb8 Kf7 67. Rc8 Be7 68. Kb4 Bh4 69. Rf8+ Ke7 70. Rh8 Be1+ 71. Kb3 Kf6 72. Rh1 Bd2 73. Kc2 Be3 74. Kd3 Bf2 75. Rh2 Bg1 76. Rg2 Ba7 77. Rh2 Bg1 78. Rh8 Bb6 79. Kc3 Ba5+ 80. Kb3 Bd2 81. Rf8+ Ke7 82. Rb8 Kf6 83. Kc2 Ba5 84. Rh8 Be1 85. Kd3 Bf2 86. Rf8+ Ke7 87. Rg8 Kf6 88. Rh8 Bb6 89. Rh1 Bf2 90. Rf1 Ba7 91. Rh1 Bf2 1/2-1/2

[Event "Czech Extraliga 2023-24"]
[Site "Czech Republic"]
[Date "2024.02.11"]
[Round "8.5"]
[White "Smolik, Jachym"]
[Black "Miesbauer, Jan"]
[Result "1-0"]
[ECO "E42"]
[WhiteElo "2378"]
[BlackElo "2392"]
[Annotator "TA"]
[PlyCount "47"]
[EventDate "2023.10.14"]
[EventCountry "CZE"]
[SourceTitle "playchess.com"]
[Source "ChessBase"]
[SourceQuality "1"]
[TimeControl "40/5400+30:1800+30"]

1. d4 Nf6 2. c4 e6 3. Nc3 Bb4 4. e3 c5 5. Nge2 cxd4 6. exd4 d5 7. a3 Bxc3+ 8. Nxc3 Nc6 9. c5 O-O 10. Be2 b6 11. b4 e5 12. dxe5 {[%emt 0:03:04] White is slightly better.} Nxe5 13. Bf4 Re8 14. O-O $1 bxc5 15. bxc5 d4 {[%emt 0:02:39] [#] ...Ng6 would now be deadly.} 16. Bb5 {[%emt 0:16:05] This pair of bishops is nice.} Re7 17. Re1 Bg4 18. f3 $36 {[%emt 0:10:12][%mdl 2048] White is pushing.} d3 {[%emt 0:00:22] [#] Loses the game.} 19. Qd2 $1 $18 (19. Bxe5 Rxe5 20. Qxd3 (20. Rxe5 Qd4+ 21. Kh1 Qxe5 $11) 20... Rxc5 21. Qxd8+ Rxd8 $16) (19. Rxe5 Qd4+ 20. Kh1 Rxe5 21. Bxe5 Qxe5 22. Qxd3 Bf5 $11) 19... Bxf3 $2 (19... Qd4+ 20. Be3 Qd8) 20. Bxe5 Rxe5 21. Rxe5 Qd4+ 22. Qe3 Qxc3 23. Re1 {[%emt 0:02:43] Re8+ would kill now.} (23. Qxd3 $2 {too greedy.} Qxa1+ 24. Qf1 Qxe5 $19) ({But not} 23. Rc1 Qb2 24. gxf3 (24. Bxd3 $2 Qxg2#) 24... d2) 23... Be2 $2 (23... Be4 24. Rxe4 Nxe4 25. Qxe4 (25. Bxd3 f5 $16) 25... Qxc5+ 26. Kh1 Rd8) 24. Rxe2 $1 {[%emt 0:00:12] Weighted Error Value: White=0.26 (precise) /Black=0.66.  Mistake:       	---       	Black=3      Inaccurate:     	White=1     	Black=1      OK:         	White=5     	Black=4      Best:        	White=1     	Black=2      Strong:       	White=2     	---} 1-0

[Event "Czech Extraliga 2023-24"]
[Site "Czech Republic"]
[Date "2024.02.11"]
[Round "8.6"]
[White "NOV10 Zilka Stepan GM"]
[Black "UNI7 Jurcik Martin IM"]
[Result "1-0"]
[ECO "C42"]
[WhiteElo "2599"]
[BlackElo "2367"]
[Annotator "NA"]
[PlyCount "59"]
[EventDate "2023.10.14"]
[EventCountry "CZE"]
[SourceTitle "playchess.com"]
[Source "ChessBase"]
[SourceQuality "1"]
[TimeControl "40/5400+30:1800+30"]

1. e4 e5 2. Nf3 Nf6 3. Nxe5 d6 4. Nf3 Nxe4 5. d4 Bg4 6. Bd3 Nf6 7. O-O Be7 8. Re1 O-O 9. Bg5 Nbd7 10. Nbd2 Re8 11. c3 c6 12. Qc2 Nf8 13. h3 Bh5 14. Nh4 Nd5 15. Bxe7 Rxe7 16. Rxe7 Nxe7 17. g3 Qd7 18. Re1 Re8 19. Kh2 Nc8 20. Bf5 Qd8 21. Rxe8 Qxe8 22. Bxc8 Qxc8 23. Qf5 Qe6 24. Qxh5 Qxa2 25. Ne4 Qxb2 26. Nf5 Qa2 27. Qg5 Ne6 28. Qe7 Nf8 29. Qe8 g6 30. Nf6+ 1-0

[Event "Czech Extraliga 2023-24"]
[Site "Czech Republic"]
[Date "2024.02.11"]
[Round "8.6"]
[White "Kraus, Tomas"]
[Black "Jirovsky, Milos"]
[Result "1/2-1/2"]
[ECO "B22"]
[WhiteElo "2484"]
[BlackElo "2458"]
[Annotator "TA"]
[PlyCount "28"]
[EventDate "2023.10.14"]
[EventCountry "CZE"]
[SourceTitle "playchess.com"]
[Source "ChessBase"]
[SourceQuality "1"]
[TimeControl "40/5400+30:1800+30"]

1. e4 c5 2. Nf3 Nc6 3. c3 d5 4. exd5 Qxd5 5. d4 Nf6 6. dxc5 Qxc5 7. Na3 e5 8. Nb5 Qe7 {[%emt 0:01:08] Prevents Nc7+} 9. Be3 Ng4 (9... a6 $11 10. Qa4 Rb8) 10. Qa4 $1 $14 {[%emt 0:05:19] White is more active. White is slightly better.} Nxe3 11. fxe3 g6 $1 12. Rd1 {[%emt 0:26:58] [#] Bc4 is the strong threat.} (12. O-O-O $5 Bh6 13. Nd6+ Kf8 14. Bb5 $11) 12... Bh6 13. Nd6+ Kf8 14. Bb5 e4 $1 {[%emt 0:04:05] Weighted Error Value: White=0.08 (flawless) /Black=0.19 (very precise) .  Mistake:       	---       	Black=1      OK:         	White=1     	Black=2      Best:        	White=1     	Black=2      Strong:       	White=1     	Black=2} 1/2-1/2

[Event "Czech Extraliga 2023-24"]
[Site "Czech Republic"]
[Date "2024.02.11"]
[Round "8.6"]
[White "Cech, Pavel"]
[Black "Straka, Vojtech"]
[Result "1/2-1/2"]
[ECO "D36"]
[WhiteElo "2346"]
[BlackElo "2439"]
[Annotator "TA"]
[PlyCount "28"]
[EventDate "2023.10.14"]
[EventCountry "CZE"]
[SourceTitle "playchess.com"]
[Source "ChessBase"]
[SourceQuality "1"]
[TimeControl "40/5400+30:1800+30"]

1. d4 d5 2. c4 c6 3. Nf3 Nf6 4. Nc3 e6 5. cxd5 exd5 6. Bg5 Be7 7. Qc2 g6 8. Bxf6 Bxf6 9. e4 O-O {[%emt 0:08:45] Black is slightly better.} 10. e5 Bg7 11. Be2 f6 12. O-O Nd7 13. exf6 Nxf6 14. Ne5 Qb6 {[%emt 0:17:19] Weighted Error Value: White=0.11 (very precise) /Black=0.05 (flawless) .  Mistake:       	---       	Black=1      OK:         	White=3     	Black=2} ({Better is} 14... Nd7 $15 15. Nf3 Nf6) 1/2-1/2

[Event "Czech Extraliga 2023-24"]
[Site "Czech Republic"]
[Date "2024.02.11"]
[Round "8.6"]
[White "Berezjuk, Sergej"]
[Black "Biolek, Richard Jr."]
[Result "1/2-1/2"]
[ECO "B53"]
[WhiteElo "2342"]
[BlackElo "2416"]
[Annotator "TA"]
[PlyCount "51"]
[EventDate "2023.10.14"]
[EventCountry "CZE"]
[SourceTitle "playchess.com"]
[Source "ChessBase"]
[SourceQuality "1"]
[TimeControl "40/5400+30:1800+30"]

1. e4 c5 2. Nf3 d6 3. d4 cxd4 4. Qxd4 Nc6 5. Bb5 Bd7 6. Bxc6 Bxc6 7. Nc3 Nf6 8. Bg5 e6 9. O-O-O Be7 10. Qd3 O-O 11. Nd4 Rc8 12. f4 Ng4 13. Bxe7 Qxe7 14. Qe2 {[%emt 0:01:01] Dodges Nf2. White is slightly better.} Nf6 15. g4 g6 (15... d5 $14) 16. Rhg1 {[%emt 0:03:00] White is more active.} e5 17. Nxc6 bxc6 18. f5 Kh8 19. h4 Rg8 20. Qf3 Rcd8 21. Rg2 (21. g5 $16 Nh5 22. Kb1) 21... d5 $11 22. fxg6 {[%emt 0:01:12] [#] g5 would now be deadly.} dxe4 {[%emt 0:02:13] The position is equal.} 23. Nxe4 Rxd1+ 24. Kxd1 Nxe4 25. Qxe4 {[%emt 0:00:29] Hoping for gxf7.} Rxg6 26. c3 {[%emt 0:02:34] Weighted Error Value: White=0.17 (very precise) /Black=0.13 (very precise) .  Mistake:       	White=1     	Black=1      Inaccurate:     	White=2     	Black=4      OK:         	White=4     	Black=3      Best:        	---       	Black=1} 1/2-1/2

[Event "Czech Extraliga 2023-24"]
[Site "Czech Republic"]
[Date "2024.02.11"]
[Round "8.6"]
[White "Kulhanek, Tomas"]
[Black "Kaczur, Florian"]
[Result "0-1"]
[ECO "B51"]
[WhiteElo "2316"]
[BlackElo "2506"]
[Annotator "TA"]
[PlyCount "66"]
[EventDate "2023.10.14"]
[EventCountry "CZE"]
[SourceTitle "playchess.com"]
[Source "ChessBase"]
[SourceQuality "1"]
[TimeControl "40/5400+30:1800+30"]

1. e4 c5 2. Nf3 d6 3. Bb5+ Nd7 4. c3 Ngf6 5. Qe2 a6 6. Ba4 e6 7. d4 cxd4 8. cxd4 Qa5+ {[%emt 0:00:06] The position is equal.} 9. Nc3 b5 10. Bb3 b4 11. Nb1 (11. Na4 $5) 11... Bb7 12. Nbd2 Be7 13. O-O O-O 14. Bc2 Rfc8 15. Bd3 Qb6 16. b3 a5 17. Bb2 d5 18. e5 Ne8 19. Rfc1 a4 20. bxa4 Rxa4 21. Rxc8 Bxc8 22. Qd1 Ra8 23. Qb3 Ba6 24. Ne1 f6 25. exf6 Nexf6 26. Bxa6 Qxa6 27. Nd3 Qa5 28. Nf4 Nf8 29. Qe3 Bd6 30. h3 Qc7 31. Nxe6 {[%emt 0:02:34][%mdl 8192] [#]} (31. Nd3 $1 $11 {and White has nothing to worry.}) 31... Qc2 $19 {[%emt 0:00:04] Black is clearly winning.} 32. Nxf8 Bxf8 33. Bc1 Re8 $1 {[%emt 0:00:20] Weighted Error Value: White=0.35/Black=0.08 (flawless) .  Loses game:     	White=1     	---        Inaccurate:     	White=3     	Black=4      OK:         	White=10    	Black=11     Best:        	White=1     	Black=1      Strong:       	---       	Black=1} ({And not} 33... Rxa2 34. Rxa2 Qxa2 35. Qe6+ Kh8 36. Qc8 $11) 0-1

[Event "Czech Extraliga 2023-24"]
[Site "Czech Republic"]
[Date "2024.02.11"]
[Round "8.7"]
[White "Gnojek, Petr"]
[Black "Svanda, Ondrej"]
[Result "0-1"]
[ECO "D38"]
[WhiteElo "2428"]
[BlackElo "2369"]
[Annotator "TA"]
[PlyCount "134"]
[EventDate "2023.10.14"]
[EventCountry "CZE"]
[SourceTitle "playchess.com"]
[Source "ChessBase"]
[SourceQuality "1"]
[TimeControl "40/5400+30:1800+30"]

1. d4 d5 2. c4 e6 3. Nf3 Nf6 4. Nc3 Nbd7 5. Bg5 Bb4 6. e3 c5 7. cxd5 exd5 8. Bd3 Qa5 9. Qc2 c4 10. Bf5 O-O 11. O-O Re8 12. Nd2 g6 13. Bh3 Kg7 14. a3 Bxc3 15. Qxc3 Qxc3 16. bxc3 Nb6 17. Bxc8 Raxc8 18. Bxf6+ Kxf6 19. a4 Nd7 20. Rab1 b6 21. Rb5 Ke6 22. f3 a6 23. Rb4 f5 24. Re1 Kd6 25. Kf2 ({White should try} 25. e4 $14) 25... Rb8 $11 26. Reb1 Kc6 27. e4 Rbc8 (27... Nf6 $11) 28. h4 $14 Kd6 {[%emt 0:04:03] [#]} 29. h5 (29. e5+ $1 $16 Kc6 30. Nf1) 29... Rf8 (29... fxe4 $14 30. fxe4 g5 31. e5+ Ke7) 30. exd5 Kxd5 31. Re1 Rf7 32. hxg6 hxg6 33. Nf1 f4 34. Nh2 (34. Rbb1 $16) 34... Kd6 $14 35. Ng4 Rf5 36. Nh6 Rf6 37. Re4 g5 38. Ng4 Re6 39. Rxe6+ Kxe6 40. Rb1 Kd6 41. Ke2 b5 42. a5 Rh8 43. Kd2 Nb8 44. Ne5 Rh2 45. Rg1 $1 Nc6 46. Nf7+ Ke6 47. Nxg5+ Kf5 48. Nh3 Nxa5 49. Ke2 (49. Nf2 $11) 49... Nb3 $15 50. Kf2 $2 (50. d5 $15) 50... b4 $1 $19 51. Re1 bxc3 52. d5 c2 $1 53. d6 {[%emt 0:00:03] [#]} Nc5 $1 (53... c1=R $2 54. Rxc1 Ke6 (54... Nxc1 $2 55. d7 $18) 55. Rxc4 $18 (55. Nxf4+ Kxd6 56. Rxc4 a5 $16)) (53... c1=N $2 54. d7 Nd3+ 55. Kg1 $18) 54. Kg1 {[%emt 0:03:31] [#]} Nd3 $2 ({Better is} 54... Rxh3 $1 $19 55. Rc1 Rh6 56. Rxc2 Rxd6 57. Rxc4 Rd5) 55. d7 $2 (55. Kxh2 $11 Nxe1 56. d7) 55... Rxg2+ (55... Nxe1 56. Kxh2 c1=Q 57. d8=Q $11) 56. Kxg2 Nxe1+ 57. Kh1 c1=Q (57... c1=B $2 {is the wrong capture.} 58. d8=Q (58. d8=B $2 {loses.} c3 $19) 58... Nxf3 59. Qc8+ Kf6 60. Qxc4 $18 (60. Qxa6+ Kf5 $18)) 58. d8=Q Nxf3+ 59. Kg2 Qd2+ 60. Qxd2 Nxd2 61. Kf2 Ne4+ 62. Ke2 a5 63. Ng1 a4 64. Nf3 a3 65. Nd4+ Kg4 66. Nc2 a2 67. Ke1 Nc5 0-1

[Event "Czech Extraliga 2023-24"]
[Site "Czech Republic"]
[Date "2024.02.11"]
[Round "8.7"]
[White "Velicka, Petr"]
[Black "Slovak, Kilian"]
[Result "1-0"]
[ECO "B30"]
[WhiteElo "2369"]
[BlackElo "2296"]
[Annotator "TA"]
[PlyCount "133"]
[EventDate "2023.10.14"]
[EventCountry "CZE"]
[SourceTitle "playchess.com"]
[Source "ChessBase"]
[SourceQuality "1"]
[TimeControl "40/5400+30:1800+30"]

1. e4 c5 2. Nf3 Nc6 3. Bb5 e6 4. O-O Nge7 5. Re1 a6 6. Bf1 d5 7. exd5 Nxd5 8. d4 Be7 ({Black should play} 8... Nf6 $11) 9. c4 Nf6 10. dxc5 Qxd1 11. Rxd1 {[%emt 0:00:33] White has an edge.} Bxc5 12. Nc3 Bd7 13. Bf4 Nh5 14. Bd6 Bxd6 15. Rxd6 Ke7 16. Rad1 Rhd8 17. g3 Nf6 18. Be2 Be8 19. Rxd8 Rxd8 20. Rxd8 Kxd8 21. Kf1 Nd7 22. Ke1 f6 23. Kd2 Nc5 24. Bd1 Bh5 25. Nd4 {[%emt 0:02:01] [#] Strongly threatening Nxc6+.} Bxd1 26. Nxc6+ Kc7 27. Nxd1 Kxc6 $11 {[%emt 0:00:07][%mdl 4096] Endgame. KN-KN} 28. b4 Ne4+ 29. Kd3 Nd6 30. f4 b6 31. Ne3 Kc7 32. Nc2 Nb7 33. Nd4 Kd7 34. f5 exf5 {[%emt 0:00:08] Black cannot hold the game after this.} (34... Nd8 $1 $11 {and Black has nothing to worry.}) 35. Nxf5 $18 g6 36. Ne3 f5 37. Nd5 Kc6 38. Nf6 h5 (38... Nd8 $16 39. Nxh7 Ne6) 39. Nd5 g5 40. Ne7+ Kd6 41. Nxf5+ Ke5 42. Nd4 a5 43. a3 axb4 44. axb4 Nd6 45. Nf3+ Kf5 46. c5 bxc5 47. bxc5 Ne8 (47... Nc8 48. c6 Kg4) 48. h3 {[%emt 0:00:00] Threatens to win with Kc4.} Nc7 49. c6 g4 50. Nd4+ Ke5 51. h4 Kd5 52. Nf5 Ne6 {[%emt 0:04:24] [#]} 53. Ng7 $1 Nc5+ (53... Nc7 54. Nxh5) 54. Ke3 Kxc6 55. Nxh5 {[%emt 0:00:05] White threatens Nf6 and mate.} Kd5 56. Nf6+ (56. Kf4 Ke6 57. Kxg4 Ne4 $18) 56... Ke6 57. Nxg4 {[%emt 0:00:07] White wants to mate with Nf2.} Kf5 58. Nf2 {[%emt 0:00:12] White mates.} Ne6 59. g4+ Ke5 60. Nd3+ Kf6 61. Ke4 Kg7 62. Ke5 Nf8 63. Nf4 Nd7+ 64. Kf5 Kf7 65. g5 Nf8 66. h5 Nd7 67. h6 {[%emt 0:00:25] Weighted Error Value: White=0.08 (flawless) /Black=0.49.  Mistake:       	---       	Black=3      Inaccurate:     	White=3     	Black=2      OK:         	White=19    	Black=17     Best:        	White=3     	Black=1} 1-0

[Event "Czech Extraliga 2023-24"]
[Site "Czech Republic"]
[Date "2024.02.11"]
[Round "8.7"]
[White "Kusa, Jakub"]
[Black "Studnicka, Tomas"]
[Result "1-0"]
[ECO "D85"]
[WhiteElo "2350"]
[BlackElo "2276"]
[Annotator "TA"]
[PlyCount "35"]
[EventDate "2023.10.14"]
[EventCountry "CZE"]
[SourceTitle "playchess.com"]
[Source "ChessBase"]
[SourceQuality "1"]
[TimeControl "40/5400+30:1800+30"]

1. d4 Nf6 2. Nf3 g6 3. c4 Bg7 4. Nc3 d5 5. cxd5 Nxd5 6. e4 Nxc3 7. bxc3 c5 8. Rb1 O-O 9. Be2 cxd4 10. cxd4 Qa5+ 11. Bd2 Qxa2 12. O-O Bg4 13. Rxb7 Rd8 ({Better is} 13... Bxf3 $11 14. Bxf3 Bxd4) 14. d5 ({Weaker is} 14. Rxe7 Nc6 15. Rc7 Bxf3 16. Bxf3 Rxd4 $17 (16... Nxd4 17. Bg5 $11)) 14... e6 $2 {[%mdl 8192] [#]} (14... Nd7 $14) 15. Rxf7 $3 $18 exd5 {[#]} (15... Bxf3 16. Rxg7+) 16. Rxg7+ $1 Kxg7 17. Bc3+ {A strong pair of Bishops.} Kg8 {[%cal Od5d4] [#]} 18. Qd4 $1 {Black got outplayed after the opening.   Weighted Error Value: White=0.06 (flawless) /Black=2.02.  Loses game:     	---       	Black=1      Mistake:       	---       	Black=1      Inaccurate:     	White=1     	---        OK:         	White=1     	---        Brilliant:      	White=1     	---} 1-0

[Event "Czech Extraliga 2023-24"]
[Site "Czech Republic"]
[Date "2024.02.11"]
[Round "8.7"]
[White "UNI9 Simek Petr FM"]
[Black "NOV14 Havelka Josef FM"]
[Result "0-1"]
[ECO "E04"]
[WhiteElo "2322"]
[BlackElo "2352"]
[Annotator "NA"]
[PlyCount "54"]
[EventDate "2023.10.14"]
[EventCountry "CZE"]
[SourceTitle "playchess.com"]
[Source "ChessBase"]
[SourceQuality "1"]
[TimeControl "40/5400+30:1800+30"]

1. d4 Nf6 2. c4 e6 3. Nf3 d5 4. g3 dxc4 5. Bg2 a6 6. O-O Nc6 7. a4 Rb8 8. a5 b5 9. axb6 cxb6 10. Nc3 Bb7 11. e4 Nb4 12. Ne5 b5 13. b3 Nd7 14. Nxd7 Qxd7 15. bxc4 bxc4 16. d5 e5 17. Be3 Bd6 18. f4 O-O 19. Kh1 Qc7 20. Qd2 Bc8 21. f5 f6 22. Na4 Bd7 23. Rfc1 Nd3 24. Rc2 Bxa4 25. Rxa4 Rb1+ 26. Bf1 Nb4 27. Rc1 c3 0-1

[Event "Czech Extraliga 2023-24"]
[Site "Czech Republic"]
[Date "2024.02.11"]
[Round "8.7"]
[White "Sharashenidze, Akaki"]
[Black "Burdalev, Kirill"]
[Result "1/2-1/2"]
[ECO "C47"]
[WhiteElo "2314"]
[BlackElo "2338"]
[Annotator "TA"]
[PlyCount "47"]
[EventDate "2023.10.14"]
[EventCountry "CZE"]
[SourceTitle "playchess.com"]
[Source "ChessBase"]
[SourceQuality "1"]
[TimeControl "40/5400+30:1800+30"]

1. e4 e5 2. Nf3 Nc6 3. Nc3 Nf6 4. d4 exd4 5. Nxd4 Bb4 6. Nxc6 bxc6 7. Bd3 O-O 8. O-O d5 9. exd5 cxd5 10. h3 c6 11. Qf3 Bd6 12. Bf4 Be6 13. Ne2 c5 14. c3 Rb8 {[%emt 0:07:42] The position is equal.} 15. Bxd6 Qxd6 16. b3 Rfe8 17. Rad1 Bd7 18. Rfe1 Bc6 19. Qf4 Re5 20. Qd2 Rbe8 21. Ng3 Rxe1+ 22. Rxe1 Rxe1+ 23. Qxe1 g6 {[%emt 0:00:01] Wards off Nf5} 24. Bf1 {[%emt 0:19:54] A rather calm draw.   Weighted Error Value: White=0.03 (flawless) /Black=0.03 (flawless) .  OK:         	White=5     	Black=5} 1/2-1/2